AoeStats
← 一剑扫秋风nelson

African Clearing

504956458Analyzed
4v4 RM · 25d ago on Sep 7, 2026· 58m 13s· 8 players
Game mode
Random Map
Map size
Large (8 player)
Population
200
Speed
Normal
Resources
Standard
Victory
Conquest
Starting age
Dark Age
Ending age
Imperial Age
RankedLock teamsTeams togetherTeam positionsShared explorationLock speedFull tech treeHidden civsTurbo modeCheats
Victory
Defeat
🇻🇳 Mapuche · Vietnam
1823
+14
🇲🇽 Chinese · Mexico
1773
+16
🇨🇦 Persians · Canada
1772
+16
🇧🇷 Berbers · Brazil
1770
+16
🇨🇳 Mapuche · China
1901
-20
🇩🇴 Goths · Dominican Republic
1841
-18
🇩🇪 Chinese · Germany
1754
-15
🇨🇳 Magyars · China
1609
-9
URU | KING RICO
3:02 Loom
14:39 Feudal Age
14:40 Man-at-Arms
17:06 Scale Mail Armor
17:56 Forging
21:23 Castle Age
21:43 Long Swordsman
22:24 Squires
22:47 Chain Mail Armor
24:32 Horse Collar
27:43 Town Watch
37:53 Heavy Plow
38:27 Double-Bit Axe
39:57 Bow Saw
42:35 Fletching
44:14 Wheelbarrow
44:44 Ballistics
daumasson
2:58 Loom
10:13 Loom
11:59 Feudal Age
10:21 Loom
16:48 Castle Age
15:05 Double-Bit Axe
15:58 Horse Collar
17:47 Scale Barding Armor
25:19 Gold Mining
25:59 Bloodlines
26:24 Husbandry
27:15 Wheelbarrow
27:34 Chain Barding Armor
28:39 Hand Cart
29:35 Town Watch
31:02 Gold Shaft Mining
30:20 Stone Mining
33:22 Imperial Age
31:04 Heavy Plow
31:06 Fletching
31:17 Padded Archer Armor
32:37 Bodkin Arrow
34:06 Bracer
34:49 Plate Barding Armor
33:37 Cavalier
37:31 Bracer
39:36 Leather Archer Armor
40:18 Conscription
41:11 Chemistry
40:40 Leather Archer Armor
40:48 Ballistics
41:11 Forging
40:34 Light Cavalry
40:51 Elite Chu Ko Nu
44:37 Ring Archer Armor
45:10 Bow Saw
55:08 Iron Casting
57:40 Blast Furnace
56:38 Heavy Rocket Cart
一剑扫秋风nelson
10:12 Loom
12:48 Feudal Age
13:14 Champi Runner
14:57 Scale Mail Armor
15:46 Forging
16:23 Double-Bit Axe
17:25 Arson
22:58 Castle Age
21:13 Gold Mining
21:04 Horse Collar
23:08 Champi Warrior
24:15 Fletching
26:29 Bodkin Arrow
29:07 Ballistics
29:02 Padded Archer Armor
33:38 Malon
35:55 Leather Archer Armor
38:26 Heavy Plow
40:24 Gold Shaft Mining
40:00 Bow Saw
44:12 Imperial Age
41:25 Elite Skirmisher
42:46 Wheelbarrow
44:21 Elite Bolas Rider
46:15 Crop Rotation
46:26 Ring Archer Armor
47:56 Chemistry
47:51 Elite Kona
49:21 Iron Casting
49:42 Conscription
50:04 Butalmapu
51:16 Blast Furnace
51:08 Hand Cart
50:38 Town Watch
裂车长
8:07 Loom
12:50 Feudal Age
12:57 Man-at-Arms
13:25 Double-Bit Axe
15:53 Fletching
22:08 Horse Collar
26:10 Town Watch
29:41 Castle Age
29:36 Scale Barding Armor
30:00 Bloodlines
32:12 Bodkin Arrow
33:35 Corvinian Army
33:55 Husbandry
36:10 Bow Saw
37:44 Chain Barding Armor
KerchakSS
6:41 Loom
13:21 Feudal Age
14:52 Fletching
23:07 Castle Age
31:25 Town Watch
33:03 Bodkin Arrow
38:57 Double-Bit Axe
41:19 Wheelbarrow
41:07 Padded Archer Armor
41:49 Ballistics
46:02 Imperial Age
45:17 Bow Saw
44:48 Horse Collar
53:12 Hand Cart
52:58 Husbandry
53:08 Bloodlines
52:40 Cavalier
54:09 Scale Mail Armor
54:18 Scale Barding Armor
54:25 Forging
55:13 Conscription
55:14 Savar
56:15 Chain Barding Armor
57:05 Iron Casting
58:09 Plate Barding Armor
57:42 Gold Mining
57:42 Stone Mining
58:53 Blast Furnace
57:36 Horse Collar
PeAcE mE
6:04 Loom
12:46 Feudal Age
16:56 Castle Age
15:08 Double-Bit Axe
15:43 Fletching
16:51 Padded Archer Armor
16:44 Gold Mining
21:31 Bodkin Arrow
25:04 Ballistics
31:03 Town Watch
31:06 Horse Collar
33:07 Wheelbarrow
34:00 Leather Archer Armor
34:03 Husbandry
35:54 Hand Cart
38:29 Bloodlines
38:56 Heavy Plow
39:58 Gold Shaft Mining
42:39 Imperial Age
41:06 Stone Mining
42:25 Bow Saw
43:23 Bracer
44:26 Chemistry
44:28 Ring Archer Armor
43:56 Light Cavalry
45:07 Scale Barding Armor
45:12 Forging
45:24 Hussar
46:26 Chain Barding Armor
46:37 Conscription
47:49 Iron Casting
46:51 Elite Camel Archer
51:18 Maghrebi Camels
52:58 Plate Barding Armor
53:23 Blast Furnace
53:11 Coinage
53:43 Heavy Camel Rider
FierroFlash
3:06 Loom
11:12 Feudal Age
11:47 Double-Bit Axe
21:46 Castle Age
22:08 Gold Mining
22:11 Horse Collar
25:08 Bow Saw
25:02 Fletching
27:44 Bodkin Arrow
27:53 Town Watch
29:59 Husbandry
32:49 Gold Shaft Mining
33:22 Wheelbarrow
37:39 Imperial Age
35:51 Ballistics
37:21 Hand Cart
37:07 Padded Archer Armor
37:28 Bloodlines
37:35 Squires
38:31 Scale Mail Armor
39:28 Chain Mail Armor
39:24 Elite Fire Lancer
40:04 Arson
40:27 Heavy Plow
41:27 Plate Mail Armor
41:24 Forging
42:29 Conscription
43:02 Masonry
43:53 Chemistry
44:10 Two-Man Saw
45:06 Coinage
45:13 Iron Casting
44:08 Heavy Rocket Cart
45:07 Heavy Rocket Cart
47:11 Banking
48:28 Rocketry
51:28 Stone Mining
51:40 Town Patrol
53:26 Architecture
saymynameBook
9:47 Loom
12:35 Feudal Age
12:39 Champi Runner
13:09 Double-Bit Axe
14:16 Town Watch
17:40 Scale Mail Armor
17:50 Forging
22:41 Castle Age
21:27 Gold Mining
23:49 Fletching
26:40 Bodkin Arrow
29:40 Horse Collar
30:10 Bow Saw
33:15 Ballistics
34:42 Bow Saw
36:57 Padded Archer Armor
37:32 Wheelbarrow
38:03 Heavy Plow
41:20 Hand Cart
46:05 Imperial Age
44:53 Gold Shaft Mining
44:09 Stone Mining
45:31 Stone Shaft Mining
45:03 Elite Skirmisher
46:50 Leather Archer Armor
47:56 Chemistry
48:48 Ring Archer Armor
48:54 Conscription
49:19 Forging
49:20 Elite Kona
50:49 Butalmapu
51:49 Malon
53:10 Iron Casting
54:56 Blast Furnace
Connection lost

Rejoining the realm…

Still unreachable

The connection could not be restored.

Session expired

The server has moved on; the page needs a fresh start.